 Dungeon Crawl Stone Soup version 0.19-a0-1895-g783e625 (webtiles) character file.

222 dobroeutro the Shooter (level 5, -1/45 HPs)
             Began as a Centaur Hunter on Oct 19, 2016.
             Slain by an ogre
             ... wielding a +0 giant club
              (18 damage)
             ... on level 4 of the Dungeon.
             The game lasted 00:03:47 (3424 turns).

dobroeutro the Shooter (Centaur Hunter)             Turns: 3424, Time: 00:03:48

Health: -1/45      AC: 13    Str: 14    XL:     5   Next: 66%
Magic:  5/5        EV:  9    Int: 10    God:
Gold:   78         SH:  0    Dex: 11    Spells: 0 memorised, 4 levels left

rFire  . . .     SeeInvis .     r - +0 dagger (protect)
rCold  . . .     Gourm    .     c - +0 leather armour
rNeg   . . .     Faith    .     (no shield)
rPois  .         Spirit   .     o - +1 helmet
rElec  .         Reflect  .     (no cloak)
rCorr  +         Harm     .     (no gloves)
MR     .....                    (no barding)
Stlth  +.........               (no amulet)
                                (no ring)
                                s - ring of resist corrosion

@: protection aura, very quick
A: hooves 3, deformed body, speed 2, tough skin 3
a: no special abilities


You were on level 4 of the Dungeon.
You were not hungry.

You visited 1 branch of the dungeon, and saw 4 of its levels.

You collected 78 gold pieces.

Inventory:

Hand Weapons
 a - a +1 shortbow
 b - a +0 short sword
 r - a +0 dagger of protection (weapon)
Missiles
 d - 77 arrows
Armour
 c - a +0 leather armour (worn)
 o - a +1 helmet (worn)
Jewellery
 s - a ring of resist corrosion (left hand)
Wands
 y - a wand of enslavement (18/24)
Scrolls
 g - 2 scrolls of recharging {unknown}
 h - a scroll of enchant weapon {unknown}
 i - a scroll of magic mapping {unknown}
 j - 2 scrolls of identify {unknown}
 m - a scroll of blinking {unknown}
 p - 2 scrolls of teleportation {unknown}
 q - 2 scrolls of remove curse {unknown}
 t - a scroll of enchant armour {unknown}
 x - a scroll of fog {unknown}
Potions
 e - a potion of curing {unknown}
 k - 2 potions of heal wounds {unknown}
 l - 2 potions of brilliance {unknown}
 n - a potion of lignification {unknown}
 v - a potion of berserk rage {unknown}
Comestibles
 f - 5 bread rations
 u - a slice of pizza
 w - a fruit


   Skills:
 + Level 3.4 Fighting
 * Level 3.1 Short Blades
 + Level 6.8 Bows
 - Level 1.3 Dodging
 - Level 0.4 Stealth


You had 4 spell levels left.
You didn't know any spells.

Dungeon Overview and Level Annotations

Branches:
Dungeon (4/15)
 Temple: D:4-7

Altars:
Fedhas
Nemelex Xobeh


Innate Abilities, Weirdness & Mutations

You have hooves in place of feet.
Armour fits poorly on your strangely shaped body.
You cover ground very quickly.
You have extremely tough skin. (AC +3)


Message History

You hit the ogre but do no damage.
The ogre is moderately wounded.
The ogre closely misses you.
You hit the ogre.
The ogre is moderately wounded.
The ogre barely misses you.
You hit the ogre but do no damage.
The ogre is moderately wounded.
You hit the ogre. Your kick misses the ogre.
The ogre is heavily wounded.
The ogre closely misses you.
You hit the ogre but do no damage.
The ogre is heavily wounded.
You barely miss the ogre.
The ogre is heavily wounded.
The ogre hits you with a giant club!
You hit the ogre. You kick the ogre.
The ogre is heavily wounded.
The ogre hits you with a giant club!!
You die...

....###
#...####..#
#.### ##...#
##..# ..#
#...###......#
.##
#.........<...
.# #.........
## ##..##.....
# #####...#
##... #
##...#..## #..
#...O@..# ##
#.........#
#.....%.....#
#............#
#.............
##............
##...........
##.........


You could see an ogre.

Vanquished Creatures
  Jessica (D:3)
  2 worker ants (D:4)
  5 adders
  An ooze (D:2)
  2 adder skeletons
  A worm (D:3)
  A dart slug (D:2)
  2 leopard geckos
  9 orcs
  A ball python (D:1)
  2 giant cockroaches
  7 goblins
  8 hobgoblins
  6 jackals
  12 kobolds
  2 quokkas
  3 bats (D:1)
  5 frilled lizards
  A leopard gecko skeleton (D:4)
  3 rats (D:1)
74 creatures vanquished.

Notes
Turn   | Place    | Note
-------+----------+-------------------------------------------
     0 | D:1      | dobroeutro the Centaur Hunter began the quest for the Orb.
     0 | D:1      | Reached XP level 1. HP: 17/17 MP: 1/1
   102 | D:1      | Reached skill level 1 in Short Blades
   102 | D:1      | Reached XP level 2. HP: 19/24 MP: 2/2
   504 | D:2      | Reached XP level 3. HP: 21/30 MP: 3/3
   618 | D:2      | Found a faded altar of an unknown god.
   966 | D:2      | Reached XP level 4. HP: 22/37 MP: 4/4
  1339 | D:2      | Reached skill level 6 in Bows
  1816 | D:3      | Found a sparkling altar of Nemelex Xobeh.
  2144 | D:3      | Found a sparkling altar of Nemelex Xobeh.
  2144 | D:3      | Noticed Jessica
  2148 | D:3      | Killed Jessica
  2277 | D:4      | Reached XP level 5. HP: 30/45 MP: 5/5
  2668 | D:4      | Found a blossoming altar of Fedhas.
  3407 | D:4      | Noticed an ogre
  3424 | D:4      | Slain by an ogre

Vault maps used:
D:1:      dpeg_arrival_pits
D:2:      first_bread, ecumenical_altar_2
D:3:      nemelex_xobeh_ov_fountains_minmay, nemelex_lonely_heart_becter
D:4:      old_standard_altar

Skill      XL: |  1  2  3  4  5 |
---------------+----------------+-----
Short Blades   | 1 2 3 |  3.1
Bows           | 6 |  6.8
Fighting       | 3 |  3.4
Dodging        | |  1.3
Stealth        | |  0.4

Action                   |  1- 3 |  4- 6 || total
-------------------------+-------+-------++-------
Melee: Short sword       |   115 |    60 ||   175
       Kick              |    19 |    74 ||    93
       Dagger            |       |   256 ||   256
  Eat: Chunk             |       |     7 ||     7
Armor: Leather armour    |    44 |   142 ||   186
Dodge: Dodged            |    60 |   116 ||   176
